Map: Vaani Research Station (Void)

Players

TYTY (TY)

  • Race: Terran Terran
  • League: Diamond
  • Spawn Location: 6:00

Maru - Winner!

  • Race: Terran Terran
  • League: Diamond
  • Spawn Location: 12:00

Event: WESG 2016 Finals

VOD

Have the link to the VOD?

Description

Time

  • Played on: Jan. 15, 2017, 7:48 p.m.
  • Length: 5:04

All games in this series

Show
View Real Time Build Order
Export as new Build Order

TYTY Terran 

Build Orders: Cyclone Opening 

Get SALT Encoding   

  12  0:00  SCV  
  13  0:12  SCV  
  14  0:20  Supply Depot  
  14  0:24  SCV  
  15  0:41  SCV  
  16  0:44  Barracks  
  16  0:46  Refinery  
  16  0:54  SCV  
  17  0:59  Refinery  
  17  1:06  SCV  
  18  1:18  SCV  
  19  1:30  Marine  
  19  1:31  Orbital Command  
  20  1:39  Factory  
  20  1:51  Supply Depot  
  20  1:53  Reaper  
  21  1:58  SCV  
  22  2:11  SCV  
  21  2:23  SCV  
  21  2:25  Reaper  
  22  2:30  Starport  
  22  2:35  SCV  
  23  2:40  Cyclone  
  25  2:47  SCV  
  26  2:57  Marine  
  25  2:59  SCV  
  22  3:16  Marine  
  23  3:22  Cyclone  
  25  3:27  SCV  
  26  3:34  Marine  
  26  3:40  Medivac  
  29  3:52  Marine  
  29  3:54  Supply Depot  
  30  4:09  Factory Tech Lab, SCV  
  31  4:13  Barracks Reactor  
  31  4:21  SCV  
  31  4:23  Marine  
  35  4:33  SCV  
  35  4:45  SCV  
Show
View Real Time Build Order
Export as new Build Order

Maru Terran - Winner!

Build Orders:  

Get SALT Encoding   

  12  0:00  SCV  
  13  0:12  SCV  
  14  0:19  Supply Depot  
  14  0:24  SCV  
  15  0:41  Barracks  
  15  0:46  Refinery  
  16  0:50  SCV  
  16  1:02  SCV  
  17  1:06  Barracks  
  17  1:14  SCV  
  18  1:21  Refinery  
  18  1:26  SCV  
  18  1:31  Reaper  
  20  1:42  Orbital Command  
  20  1:55  Reaper  
  20  1:57  Supply Depot  
  21  2:03  Reaper  
  22  2:08  SCV  
  22  2:20  SCV  
  23  2:32  SCV  
  23  2:36  Factory  
  23  2:45  SCV  
  24  2:57  SCV  
  25  3:09  SCV  
  25  3:11  Reaper  
  26  3:16  Reaper  
  26  3:20  Supply Depot  
  26  3:21  SCV  
  26  3:25  Cyclone  
  30  3:29  Command Center  
  30  3:34  SCV  
  31  3:39  Starport  
  31  3:46  SCV  
  32  3:57  Cyclone  
  32  3:58  SCV  
  32  3:59  Marine  
  36  4:08  Supply Depot  
  36  4:15  Viking  
  38  4:17  Marine  
  39  4:27  Marine  
  39  4:29  Cyclone  
  43  4:33  SCV  
  43  4:37  Barracks  
  44  4:42  SCV  
  44  4:45  Marine  
  44  4:47  SCV  
Tags
 
Add a new tag
Caveats
  • Supply blocks, unpowered buildings, or Contaminate may cause inaccurate times.
  • Supply counts are checked every 10 seconds.